 Dungeon Crawl Stone Soup version 0.23-a0-241-g3b46b07 (webtiles) character file.

48 Felrender the Shield-Bearer (level 3, -6/34 HPs)
             Began as a Minotaur Fighter on Sept 26, 2018.
             Mangled by Sigmund
             ... wielding a +0 scythe
              (7 damage)
             ... on level 2 of the Dungeon.
             The game lasted 00:01:52 (968 turns).

Felrender the Shield-Bearer (Minotaur Fighter)       Turns: 968, Time: 00:01:53

Health: -6/34      AC:  7    Str: 21    XL:     3   Next: 50%
Magic:  2/2        EV:  7    Int:  5    God:
Gold:   22         SH:  0    Dex:  9    Spells: 2/2 levels left

rFire    . . .     SeeInvis .   a - +0 long sword
rCold    . . .     Gourm    .   c - +0 shield
rNeg     . . .     Faith    .   b - +0 scale mail
rPois    .         Spirit   .   (helmet restricted)
rElec    .         Reflect  .   (no cloak)
rCorr    .         Harm     .   (no gloves)
MR       .....                  (no boots)
Stlth    ..........             (no amulet)
HPRegen  0.11/turn              (no ring)
MPRegen  0.08/turn              (no ring)

@: confused
A: retaliatory headbutt, horns 2
a: no special abilities


You were on level 2 of the Dungeon.
You were not hungry.

You visited 1 branch of the dungeon, and saw 3 of its levels.

You collected 22 gold pieces.

Inventory:

Hand Weapons
 a - a +0 long sword (weapon)
Armour
 b - a +0 scale mail (worn)
 c - a +0 shield (worn)
Scrolls
 g - a scroll of remove curse
Comestibles
 f - 5 rations


   Skills:
 + Level 4.3 Fighting
 + Level 2.7 Long Blades
 + Level 4.2 Armour
 + Level 4.3 Shields


You had 2 spell levels left.
You didn't know any spells.
Your spell library was empty.

Dungeon Overview and Level Annotations

Branches:
Dungeon (3/15)

Altars:

Annotations:
D:2 Sigmund


Innate Abilities, Weirdness & Mutations

You reflexively headbutt those who attack you in melee.
You have a pair of horns on your head.


Message History

Sigmund barely misses you.
You riposte.
Your shield prevents you from hitting Sigmund.
Sigmund is heavily wounded.
You closely miss Sigmund. You headbutt Sigmund.
Sigmund is severely wounded.
Sigmund casts a spell at you.
You are confused.
Sigmund hits you with a scythe! Sigmund hits you but does no damage.
Sigmund points at you and mumbles some strange words.
The puff of flame hits you!
You bump into the rock wall.
Sigmund gestures at you while chanting. The puff of flame hits you!
* * * LOW HITPOINT WARNING * * *
You hit Sigmund.
Sigmund is severely wounded.
Sigmund screams, "Don't try to resist!"
Sigmund hits you with a scythe!
You die...

#........# #. #........#
##...#........#
.....#........# .
#...#........#
.###...#........#
................#
.......#.(......#########
.....<.#.#.##.#.@.......#
...............>.@..###.#
.......#......#.....#
....)#######..#.....#
.....# #..##...##
.....#######..###..# .#
..........##..#
#..####.####
########......#
#..#.......#
#..##.####......###.#


You could see Sigmund.

Vanquished Creatures
  An adder (D:2)
  2 leopard geckos (D:1)
  5 bats
  5 goblins
  4 hobgoblins (D:1)
  4 jackals (D:1)
  2 ball pythons (D:2)
  3 frilled lizards (D:1)
  5 kobolds (D:1)
  3 rats
34 creatures vanquished.

Notes
Turn   | Place    | Note
-------+----------+-------------------------------------------
     0 | D:1      | Felrender the Minotaur Fighter began the quest for the Orb.
     0 | D:1      | Reached XP level 1. HP: 19/19 MP: 0/0
    51 | D:1      | Reached XP level 2. HP: 27/27 MP: 1/1
   357 | D:1      | Reached XP level 3. HP: 33/33 MP: 2/2
   687 | D:2      | Noticed Sigmund
   967 | D:2      | HP: 1/34 [Sigmund/puff of flame (11)]
   968 | D:2      | Mangled by Sigmund

Vault maps used:
D:1:      dpeg_arrival_round_c
D:2:      lemuel_crystal_altar, tso_oasis_becter, first_ration, uniq_sigmund
D:3:      corexii_shack_village

Skill      XL: |  1  2 |
---------------+-------+-----
Armour         | 4 |  4.2
Fighting       | 4 |  4.3
Shields        | 4 |  4.3
Long Blades    | |  2.7

Action                   || total
-------------------------++-------
Melee: Long sword        ||    93
       Headbutt          ||    15
  Use: Scroll            ||     3
       Potion            ||     2
Armor: Scale mail        ||    46
Dodge: Dodged            ||    23
Block: Shield            ||    40
       Rpst.: Long sword ||    10

Table legend:
 A = Non-vault XP
 B = Vault XP
 C = Vault XP percentage of total XP
 D = Non-vault monster count
 E = Vault monster count
 F = Vault count percentage of total count
                 A         B        C        D         E       F
            +---------+---------+-------+---------+---------+-------
      Total |      69 |       0 |   0.0 |      34 |       0 |   0.0
            +---------+---------+-------+---------+---------+-------
        D:1 |      49 |       0 |   0.0 |      28 |       0 |   0.0
        D:2 |      20 |       0 |   0.0 |       6 |       0 |   0.0
            +---------+---------+-------+---------+---------+-------
